 Dungeon Crawl Stone Soup version 0.29-a0-82-g837932c90e (webtiles) character file.

Game seed: 11940892591216377693

38 HallandMoats the Skirmisher (level 3, 33/33 HPs)
             Began as a Ghoul Monk on Feb 5, 2022.
             Was a Believer of Sif Muna.
             Safely got out of the dungeon.
             The game lasted 00:01:32 (2014 turns).

HallandMoats the Skirmisher (Ghoul Monk)            Turns: 2014, Time: 00:01:33

Health: 33/33      AC:  2    Str: 14    XL:     3   Next: 43%
Magic:  2/2        EV: 12    Int:  5    God:    Sif Muna [**....]
Gold:   79         SH:  0    Dex: 13    Spells: 2/2 levels left

rFire   . . .      SeeInvis .   a - +0 spear
rCold   + . .      Faith    .   (no shield)
rNeg    + + +      Spirit   .   b - +0 robe
rPois   ∞          Reflect  .   (no helmet)
rElec   .          Harm     .   (no cloak)
rCorr   .          Rampage  .   (no gloves)
Will    .....                   (no boots)
Stlth   ++........              (no amulet)
HPRegen 0.11/turn               (no ring)
MPRegen 0.08/turn               (no ring)

@: no status effects
A: claws 1, cold resistance 1, negative energy resistance 3, inhibited
regeneration, torment resistance 2
a: Renounce Religion, Channel Magic


You escaped.
You worshipped Sif Muna.
Sif Muna was pleased with you.
You visited 1 branch of the dungeon, and saw 2 of its levels.

You collected 79 gold pieces.

Inventory:

Hand Weapons
 a - a +0 spear (weapon)
Armour
 b - a +0 robe (worn)
Scrolls
 f - a scroll of identify {unknown}
Potions
 c - a potion of brilliance {unknown}
 d - a potion of curing {unknown}
 e - a potion of mutation {unknown}


   Skills:
 * Level 3.8 Fighting
 * Level 3.1 Polearms
 + Level 1.0 Armour
 + Level 2.9 Dodging
 - Level 2.1 Stealth


You had 2 spell levels left.
You didn't know any spells.
Your spell library contained the following spells:

 Spells                   Type           Power      Damage    Failure   Level
 Gell's Gravitas          Tloc           0%         N/A       85%         3
 Lesser Beckoning         Tloc           0%         N/A       85%         3
 Teleport Other           Tloc           0%         N/A       85%         3


Dungeon Overview and Level Annotations

Branches:
Dungeon (2/15)

Altars:
Sif Muna


Innate Abilities, Weirdness & Mutations

You thrive by killing the living.
You are immune to poison.
You have sharp fingernails.
Your flesh is cold resistant. (rC+)
You are immune to negative energy. (rN+++)
You do not regenerate when monsters are visible.
You are immune to unholy pain and torment.


Message History

No target in view!
No target in view!
No target in view!
No target in view!
HP restored.
You see here a quokka corpse.
Found a stone staircase leading down.
f - a scroll labelled NAS VATUSEE You now have 79 gold pieces (gained 4).
Found a faded altar of an unknown god.
There is a dry fountain here.
An adder comes into view.
An adder is nearby!
An adder is nearby!
There is a faded altar of an unknown god here.
You cannot tell which god this altar belongs to.
Convert to them anyway?
Sif Muna accepts your prayer! Sif Muna welcomes you!
You can now call upon Sif Muna for magical energy.
Unknown command.
Press < or > to pray at altars.
Unknown command.
Press < or > to pray at altars.
Unknown command.
Press < or > to pray at altars.
(D) Dungeon
Where to? (Enter - D:2, ? - help)
What level of the Dungeon? (default 1, ? - help)
There is a dry fountain here.
There is an open door here.
There is an open door here.
You see here a ball python skeleton.
There is a stone staircase leading up here.
You climb upwards.
There is a stone staircase leading down here.
There is an open door here.
You see here a +0 dagger.
There is a staircase leading out of the dungeon here.
Are you sure you want to leave the Dungeon?
This will make you lose the game!
You have escaped!

####...####.....###.....#
#..###################
#..#..............#
##.#..............#
#.#..............#
#.#..#####...##..#
##.#..# #...##..# #..#..#
#.......# #..#..#
#.@.....# #..#..#
#.......# #.##..#
#..###..# #.##..#####..#
#..# #.##.........# #..#
#.##.........###..#
#..#..............####
####..####........#..#
###..# #........##.# ##


There were no monsters in sight!

Vanquished Creatures
  A dart slug (D:1)
  6 ball pythons
  2 endoplasms (D:1)
  A giant cockroach (D:1)
  2 hobgoblins
  6 jackals (D:1)
  2 quokkas
  4 bats (D:1)
  3 goblins (D:1)
  3 kobolds
  A rat (D:1)
31 creatures vanquished.

Vanquished Creatures (others)
  2 fungi (D:2)
  7 plants (D:2)
9 creatures vanquished.

Grand Total: 40 creatures vanquished

Notes
Turn   | Place    | Note
-------+----------+-------------------------------------------
     0 | D:1      | HallandMoats the Ghoul Monk began the quest for the Orb.
     0 | D:1      | Reached XP level 1. HP: 19/19 MP: 0/0
   330 | D:1      | Reached XP level 2. HP: 26/26 MP: 1/1
  1009 | D:1      | Reached XP level 3. HP: 33/33 MP: 2/2
  1777 | D:2      | Reached skill level 1 in Armour
  1815 | D:2      | Found a faded altar of an unknown god.
  1821 | D:2      | Prayed at the altar of an unknown god.
  1821 | D:2      | Became a worshipper of Sif Muna the Loreminder
  1821 | D:2      | Reached * piety under Sif Muna
  1821 | D:2      | Reached ** piety under Sif Muna
  2014 | D:$      | Safely got out of the dungeon.

Illustrated notes

Levels and vault maps discovered:
D:1:      dpeg_arrival_boxorama, layout_loops_corners
D:2:      layout_basic, shapermc_ecumenical_altar_mp_ritualfount,
          minmay_misc_feat_square

Skill      XL: |  1  2  3 |
---------------+----------+-----
Polearms       | 3 |  3.1
Armour         | 1 |  1.0
Fighting       | |  3.8
Dodging        | |  2.9
Stealth        | |  2.1

Action                   || total
-------------------------++-------
Melee: Spear             ||   124
       Punch             ||     1
 Stab: Sleeping          ||     5
Armor: Robe              ||    19
Dodge: Dodged            ||    72

Table legend: (Time is in decaauts)
 A = Elapsed time spent in this place.
 B = Non-inter-level travel time spent in this place.
 C = Inter-level travel time spent in this place.
 D = Time resting spent in this place.
 E = Time spent auto-exploring this place.
 F = Levels seen in this place.
 G = Mean time per level.
                   A        B        C        D        E       F      G
               +--------+--------+--------+--------+--------+-----+--------+
         Total |   2007 |   1722 |    285 |    359 |   1153 |   2 | 1003.5 |
       Dungeon |   2007 |   1722 |    285 |    359 |   1153 |   2 | 1003.5 |
               +--------+--------+--------+--------+--------+-----+--------+

Top non-repeatable levels by time:
     D:1: 1700 daAuts
     D:2: 306 daAuts
